 Dungeon Crawl Stone Soup version 0.30-a0-585-g93115170b9 (webtiles) character file.

Game seed: 9440501929397615172

7046 synesthesia the Covert (level 10, -1/53 HPs)
             Began as a Spriggan Enchanter on Sept 26, 2021.
             Was an Initiate of Gozag.
             Slain by a tengu warrior
             ... wielding a +0 great mace
              (14 damage)
             ... on level 9 of the Dungeon on Jan 2, 2023.
             The game lasted 01:42:13 (11345 turns).

synesthesia the Covert (Spriggan Enchanter)        Turns: 11345, Time: 01:42:14

Health: -1/53      AC:  5    Str:  6    XL:     10   Next: 83%
Magic:  3/29       EV: 22    Int: 19    God:    Gozag
Gold:   1540       SH:  0    Dex: 17    Spells: 11/21 levels left

rFire   + . .      SeeInvis +    x - +7 dagger
rCold   + . .      Faith    .    (no shield)
rNeg    . . .      Spirit   .    y - +2 robe {rC+ rF+}
rPois   .          Reflect  .    (helmet restricted)
rElec   .          Harm     .    E - +0 cloak
rCorr   .          Rampage  .    (gloves unavailable)
Will    ++...                    (boots unavailable)
Stlth   +++++                    (no amulet)
HPRegen 0.28/turn                m - ring of magical power
MPRegen 0.21/turn                e - ring "Xenaec" {Will+ Str+2}

@: very quick
A: very small, no large weapons, unfitting armour, see invisible, speed 3
a: Renounce Religion, Potion Petition, Call Merchant, Bribe Branch


You were on level 9 of the Dungeon.
You worshipped Gozag.
Gozag was most pleased with you.
You visited 2 branches of the dungeon, and saw 10 of its levels.

You collected 1540 gold pieces.

Inventory:

Hand Weapons
 t - the +10 short sword "Faijorcho" {chaos, rC+ Dex+4}
   (You found it on level 5 of the Dungeon)

   Each time it hits an enemy it has a different, random effect.
   Dex:       It affects your dexterity (+4).
   rC:        It protects you from cold.
 x - a +7 dagger (weapon)
Missiles
 d - 362 stones (quivered)
 p - 2 throwing nets
Armour
 y - a +2 robe of resistance (worn)
 E - a +0 cloak (worn)
Jewellery
 e - the ring "Xenaec" (right hand) {Will+ Str+2}
   (You found it on level 6 of the Dungeon)

   [ring of willpower]

   Str:       It affects your strength (+2).
   Will:      It increases your willpower.
 m - a ring of magical power (left hand)
 q - a ring of protection from fire
 u - a ring of protection from fire
Wands
 C - a wand of flame (20)
 F - a wand of charming (10)
 G - a wand of acid (8)
 I - a wand of iceblast (10)
Scrolls
 a - 2 scrolls of summoning {unknown}
 g - 3 scrolls of teleportation
 h - 3 scrolls of amnesia
 l - 2 scrolls of fear
 n - a scroll of magic mapping
 o - 3 scrolls of enchant weapon
 r - a scroll of enchant armour
 A - 2 scrolls of vulnerability {unknown}
 B - a scroll of identify
 H - a scroll of fog {unknown}
Potions
 b - a potion of flight {unknown}
 c - 2 potions of invisibility
 f - 3 potions of curing
 i - 5 potions of might
 j - 3 potions of heal wounds
 k - 2 potions of haste {unknown}
 s - 4 potions of degeneration {unknown}
 v - a potion of attraction {unknown}
 w - a potion of cancellation {unknown}
 z - a potion of ambrosia {unknown}
 D - 2 potions of lignification {unknown}


   Skills:
 - Level 6.0 Fighting
 + Level 8.8 Short Blades
 - Level 8.0 Dodging
 - Level 12.0 Stealth
 - Level 6.0 Spellcasting
 - Level 10.0 Hexes


You had 11 spell levels left.
You knew the following spells:

 Your Spells              Type           Power      Damage    Failure   Level
a - Ensorcelled Hibernat  Hex/Ice        48%        N/A       2%          2
b - Confusing Touch       Hex            43%        N/A       1%          3
c - Dazzling Flash        Conj/Hex       48%        N/A       4%          3
d - Blink                 Tloc           10%        N/A       17%         2

Your spell library contained the following spells:

 Spells                   Type           Power      Damage    Failure   Level
 Tukima's Dance           Hex            43%        N/A       1%          3
 Necrotise                Necr           20%        1d5       11%         1
 Lesser Beckoning         Tloc           10%        N/A       32%         3
 Spider Form              Tmut/Pois      5%         N/A       32%         3
 Metabolic Englaciation   Hex/Ice        12%        N/A       36%         5
 Manifold Assault         Tloc           5%         N/A       73%         4
 Petrify                  Tmut/Erth      5%         N/A       73%         4
 Agony                    Necr           5%         N/A       97%         5
 Statue Form              Tmut/Erth      3%         N/A       100%        6


Dungeon Overview and Level Annotations

Branches:
Dungeon (9/15)             Temple (1/1) D:7
   Lair: D:8-11         Orc: D:9-12

Altars:
Ashenzari
Cheibriados
Dithmenos
Elyvilon
Fedhas
Gozag
Hepliaklqana
Kikubaaqudgha
Makhleb
Nemelex Xobeh
Okawaru
Qazlal
Ru
Sif Muna
Trog
Uskayaw
Vehumet
Wu Jian
Xom
Yredelemnul
Zin
The Shining One

Shops:
D:6 =

Annotations:
D:4 Menkaure
D:6 1 runed translucent door, HuGe's ghost, amateur HOBe


Innate Abilities, Weirdness & Mutations

You are very small and have problems with some larger weapons.
You are too small for most types of armour.
You have supernaturally acute eyesight. (SInv)
You cover ground extremely quickly. (Speed+++)


Message History

You hit the centaur warrior.
The centaur warrior is lightly wounded.
The centaur warrior hits you. The centaur warrior closely misses you.
You hit the centaur warrior but do no damage.
The centaur warrior is lightly wounded.
The centaur warrior hits you!
The centaur warrior kicks you but does no damage.
You hit the centaur warrior.
The centaur warrior is lightly wounded.
The centaur warrior barely misses you. The centaur warrior misses you.
You hit the centaur warrior.
The centaur warrior is moderately wounded.
The centaur warrior hits you but does no damage.
The centaur warrior kicks you but does no damage.
The tengu warrior shouts!
You hit the centaur warrior.
The centaur warrior is moderately wounded.
The centaur warrior misses you. The centaur warrior kicks you.
You hit the centaur warrior.
The centaur warrior is moderately wounded.
The centaur warrior misses you. The centaur warrior closely misses you.
You hit the centaur warrior.
The centaur warrior is heavily wounded.
The centaur warrior hits you! The centaur warrior kicks you.
You hit the centaur warrior.
The centaur warrior is heavily wounded.
The centaur warrior hits you. The centaur warrior misses you.
You hit the centaur warrior.
The centaur warrior is heavily wounded.
You hit the centaur warrior.
The centaur warrior is heavily wounded.
The centaur warrior hits you!
The centaur warrior completely misses you.
You hit the centaur warrior but do no damage.
The centaur warrior is heavily wounded.
The centaur warrior closely misses you. The centaur warrior kicks you.
* * * LOW HITPOINT WARNING * * *
The tengu warrior hits you with a +0 great mace!
You die...
Your body crumbles into a pile of gold.

.........#.# #....##..# .
.........#.#######.....#..# .
.......(.#.............#..#..
.........#..############..#..
.........#..#...........Q.'..
...###+#.#..#..########...###
... #.#..#..# #......
+.####Q.# #...... #....@..#
#...... #....c..# #......
#...?....... ...#+##
#..........# ##..#
#..........# #..#
............# .............'.
####.........#.


You could see a tengu warrior and a centaur warrior.

Vanquished Creatures
  2 two-headed ogres
  A centaur zombie (D:8)
  Maurice (D:8)
  Joseph (D:8)
  A troll (D:6)
  A hornet (D:9)
  10 yaks (D:8)
  A shadow (D:5)
  2 water moccasins (D:6)
  An ice beast (D:6)
  2 orc warriors
  2 ogres
  4 black bears
  2 necrophages
  5 centaurs
  A kobold brigand (D:6)
  A bullfrog (D:7)
  2 scorpions (D:6)
  A wyvern skeleton (D:7)
  4 wights (D:6)
  A crimson imp (D:8)
  A bullfrog zombie (D:5)
  3 hounds
  3 jellies
  2 gnoll boudas (D:6)
  6 orc priests
  A bullfrog skeleton (D:6)
  3 iguanas
  2 orc wizards
  15 gnolls
  6 adders
  A white imp (D:8)
  17 orcs
  6 endoplasms
  3 giant cockroaches
  4 goblins
  4 hobgoblins
  3 quokkas
  9 ball pythons
  6 bats
  A frilled lizard (D:3)
  8 kobolds
  6 rats
156 creatures vanquished.

Vanquished Creatures (others)
  6 plants (D:3)
6 creatures vanquished.

Grand Total: 162 creatures vanquished

Notes
Turn   | Place    | Note
-------+----------+-------------------------------------------
     0 | D:1      | synesthesia the Spriggan Enchanter began the quest for the
                  | Orb.
     0 | D:1      | Reached XP level 1. HP: 9/9 MP: 5/5
   202 | D:1      | Found a faded altar of an unknown god.
   218 | D:1      | Became a worshipper of Gozag Ym Sagoz the Greedy
   380 | D:1      | Reached XP level 2. HP: 13/13 MP: 6/6
   383 | D:1      | Learned a level 2 spell: Ensorcelled Hibernation
   616 | D:1      | Reached skill level 5 in Stealth
  1434 | D:1      | Reached XP level 3. HP: 11/16 MP: 6/8
  2272 | D:2      | Found a white marble altar of Elyvilon.
  2392 | D:2      | Reached XP level 4. HP: 21/21 MP: 6/9
  2820 | D:3      | Found a burning altar of Makhleb.
  2822 | D:3      | Found an opulent altar of Gozag.
  3172 | D:3      | Reached skill level 6 in Stealth
  3702 | D:4      | Reached skill level 5 in Hexes
  3702 | D:4      | Reached XP level 5. HP: 22/24 MP: 4/10
  4080 | D:4      | Noticed a black bear
  4103 | D:4      | Killed a black bear
  4297 | D:4      | Reached skill level 7 in Stealth
  4302 | D:4      | Reached XP level 6. HP: 21/28 MP: 8/11
  5110 | D:4      | Noticed Menkaure
  5118 | D:4      | Learned a level 3 spell: Confusing Touch
  5122 | D:4      | Learned a level 3 spell: Dazzling Flash
  5428 | D:5      | Entered Level 5 of the Dungeon
  5598 | D:5      | Reached skill level 8 in Stealth
  5629 | D:5      | Reached XP level 7. HP: 32/32 MP: 12/12
  5632 | D:5      | Noticed a shadow
  5662 | D:5      | Identified the +10 short sword "Faijorcho" {chaos, rC+
                  | Dex+4}
  5695 | D:5      | Killed a shadow
  5696 | D:5      | Reached skill level 5 in Short Blades
  6333 | D:6      | Found a runed translucent door.
  6334 | D:6      | Found a shimmering altar of Xom.
  6334 | D:6      | Noticed HuGe's ghost (amateur HOBe)
  6334 | D:6      | Noticed a +0 falchion of chaos
  6404 | D:6      | Reached skill level 1 in Fighting
  6404 | D:6      | Reached XP level 8. HP: 37/37 MP: 15/15
  6502 | D:6      | Found Heopa's Jewellery Shop.
  6661 | D:6      | Reached skill level 5 in Dodging
  6847 | D:6      | Upgraded the game from 0.28-a0-533-g9f97627e2a to
                  | 0.28-a0-537-g3bccd9ccbf
  6867 | D:6      | Identified the ring "Xenaec" {Will+ Str+2}
  6950 | D:6      | Noticed a troll
  6966 | D:6      | Killed a troll
  7078 | D:6      | Learned a level 2 spell: Blink
  7450 | D:6      | Reached skill level 9 in Stealth
  7554 | D:6      | Reached XP level 9. HP: 44/44 MP: 16/16
  7915 | D:6      | Reached skill level 10 in Stealth
  8212 | D:7      | Reached skill level 11 in Stealth
  8236 | D:7      | Found a staircase to the Ecumenical Temple.
  8249 | Temple   | Entered the Ecumenical Temple
  8763 | D:7      | Noticed a two-headed ogre
  8769 | D:7      | Reached skill level 12 in Stealth
  8772 | D:7      | Killed a two-headed ogre
  8773 | D:7      | Reached skill level 5 in Spellcasting
  8950 | D:8      | Noticed Maurice
  8958 | D:8      | Killed Maurice
  8959 | D:8      | Reached skill level 5 in Fighting
  9022 | D:8      | Noticed Joseph
  9040 | D:8      | Reached XP level 10. HP: 52/52 MP: 20/20
  9372 | D:8      | Found a shimmering altar of Xom.
  9620 | D:8      | Killed Joseph
  9901 | D:8      | Found a shimmering blue altar of Sif Muna.
  9902 | D:8      | Found an ornate altar of the Wu Jian Council.
  9907 | D:8      | Found a basalt altar of Yredelemnul.
  9909 | D:8      | Found an ancient bone altar of Kikubaaqudgha.
  9909 | D:8      | Found a glowing golden altar of the Shining One.
  9914 | D:8      | Found a hide-covered altar of Uskayaw.
 10307 | D:9      | Upgraded the game from 0.28-a0-537-g3bccd9ccbf to
                  | 0.28-a0-556-gab23d0e057
 10668 | D:9      | Noticed a tengu warrior
 10668 | D:9      | Noticed a centaur warrior
 10672 | D:9      | Noticed a skeletal warrior
 10711 | D:9      | Noticed a tengu warrior
 10986 | D:8      | Upgraded the game from 0.28-a0-556-gab23d0e057 to
                  | 0.30-a0-585-g93115170b9
 11091 | D:9      | Reached skill level 10 in Hexes
 11143 | D:9      | Noticed a two-headed ogre
 11186 | D:9      | Killed a two-headed ogre
 11345 | D:9      | Slain by a tengu warrior

Illustrated notes

Levels and vault maps discovered:
D:1:      lemuel_arrival_river_ford, layout_basic,
          ebering_ecumenical_altar_webs, minmay_pentomino_w4
D:2:      layout_rooms, basic_altar, minmay_crystal_water
D:3:      layout_loops_ring, lemuel_round_altar, overflow_temple_1_default,
          minmay_fountain_box, serial_bayou_ford_a
D:4:      layout_layer_cave, kennysheep_another_room, uniq_menkaure
D:5:      layout_rooms, guppyfry_early_orc_mine
D:6:      minmay_angry_zag, layout_cave_pods, serial_shops, shop,
          ebering_ghost_xom, minmay_misc_feat_encased
D:7:      layout_rooms, minmay_temple_entry_proselytizer,
          mrwooster_statue_mirror, serial_park_tiny_1, roderic_three_in_a_row
D:8:      layout_loops_ring, minitemple, mainiacjoe_overflow_brackets,
          minmay_fire_ice_demons, uniq_joseph, uniq_maurice
D:9:      layout_irregular_city, hex_large, kb_rosetta, uniq_pikel
Temple:   cyrus_circular_temple

Skill      XL: |  1  2  3  4  5  6  7  8  9 10 |
---------------+-------------------------------+-----
Stealth        | 5 6 7 8 9 12 | 12.0
Hexes          | 4 5 6 8 10 | 10.0
Short Blades   | 2 3 4 5 8 |  8.8
Spellcasting   | 4 6 |  6.0
Dodging        | 4 8 |  8.0
Fighting       | 1 3 5 6 |  6.0

Action                   |  1- 3 |  4- 6 |  7- 9 | 10-12 || total
-------------------------+-------+-------+-------+-------++-------
Melee: Dagger            |    69 |    38 |    44 |    80 ||   231
       Short sword       |       |       |    56 |       ||    56
Throw: Stone             |    54 |     9 |    12 |     5 ||    80
 Cast: Ensorcelled Hiber |    34 |    36 |    67 |    50 ||   187
       Confusing Touch   |       |       |     8 |     3 ||    11
       Dazzling Flash    |       |       |     1 |     1 ||     2
  Use: Scroll            |       |     4 |     7 |       ||    11
 Stab: Sleeping          |    29 |    28 |    51 |    23 ||   131
       Confused          |       |       |     6 |     1 ||     7
       Distracted        |       |       |     1 |     1 ||     2
       Invisible         |       |       |       |     1 ||     1
Armor: Robe              |     8 |       |     6 |    19 ||    33
Dodge: Dodged            |    54 |    12 |    75 |    68 ||   209

Table legend: (Time is in decaauts)
 A = Elapsed time spent in this place.
 B = Non-inter-level travel time spent in this place.
 C = Inter-level travel time spent in this place.
 D = Time resting spent in this place.
 E = Time spent auto-exploring this place.
 F = Levels seen in this place.
 G = Mean time per level.
                   A        B        C        D        E       F      G
               +--------+--------+--------+--------+--------+-----+--------+
         Total |   8755 |   8626 |    129 |   3093 |   3543 |  10 |  875.5 |
       Dungeon |   8646 |   8522 |    124 |   3093 |   3445 |   9 |  960.7 |
        Temple |    108 |    104 |      4 |      0 |     97 |   1 |  108.0 |
               +--------+--------+--------+--------+--------+-----+--------+

Top non-repeatable levels by time:
     D:1: 1619 daAuts
     D:8: 1513 daAuts
     D:4: 1448 daAuts
     D:6: 1348 daAuts
     D:3: 759 daAuts
     D:5: 597 daAuts
     D:2: 467 daAuts
     D:7: 461 daAuts
     D:9: 430 daAuts
  Temple: 108 daAuts
